 Dungeon Crawl Stone Soup version 0.30.1-11-g7821555f0a (webtiles) character file.

Game seed: 15525279810899901959

38760 lonewolfV2 the Minotaur Catastrophe (level 13, -1/116 HPs)
             Began as a Minotaur Fighter on Nov 3, 2023.
             Was an Elder of Qazlal.
             Slain by a large abomination (19 damage)
             ... on level 1 of the Abyss.
             The game lasted 00:25:39 (15815 turns).

lonewolfV2 the Minotaur Catastrophe (MiFi)         Turns: 15815, Time: 00:25:40

Health: -1/116     AC: 13    Str: 23    XL:     13   Next: 65%
Magic:  21/21      EV: 16    Int:  8    God:    Qazlal [****..]
Gold:   811        SH: 19    Dex: 13    Spells: 12/12 levels left

rFire   + . .        G - +7 rapier of the Sea {vamp, rElec rF+ Int+3}
rCold   + . .        I - +0 tower shield {rC+}
rNeg    . . .        q - +0 chain mail
rPois   .            (helmet restricted)
rElec   +            (no cloak)
rCorr   .            (no gloves)
SInv    +            r - +0 pair of boots
Will    .....        (no amulet) Stlth
                     h - +5 ring of evasion
HPRegen 0.39/turn    o - ring of see invisible
MPRegen 0.17/turn

%: repel missiles
@: no status effects
A: horns 2, retaliatory headbutt
a: Renounce Religion, Upheaval, Elemental Force


You were on level 1 of the Abyss.
You worshipped Qazlal.
Qazlal was greatly pleased with you.
You visited 2 branches of the dungeon, and saw 14 of its levels.
You visited the Abyss 1 time.
You also visited: Ice Cave.

You collected 811 gold pieces.

Inventory:

Hand Weapons
 a - a +0 war axe
 x - a +0 flail of protection
 y - a +3 spectral battleaxe
 G - the +7 rapier of the Sea (weapon) {vamp, rElec rF+ Int+3}
   (You found it in an ice cave)

   Int:       It affects your intelligence (+3).
   rF:        It protects you from fire.
   rElec:     It insulates you from electricity.
Missiles
 E - 3 throwing nets (quivered)
Armour
 c - a +1 buckler
 q - a +0 chain mail (worn)
 r - a +0 pair of boots (worn)
 I - a +0 tower shield of cold resistance (worn)
Jewellery
 h - a +5 ring of evasion (left hand)
 j - a +4 ring of protection
 o - a ring of see invisible (right hand)
 H - a ring of ice
Wands
 m - a wand of flame (19)
 t - a wand of roots (9)
 z - a wand of polymorph (9)
 A - a wand of mindburst (24)
 D - a wand of quicksilver (15)
Scrolls
 b - a scroll of silence
 f - a scroll of identify
 g - 6 scrolls of teleportation
 k - 4 scrolls of enchant armour
 n - 4 scrolls of vulnerability
 u - 4 scrolls of fear
 B - 3 scrolls of poison
 C - a scroll of amnesia
 F - a scroll of summoning
Potions
 d - a potion of might
 e - 3 potions of degeneration
 i - 3 potions of invisibility
 l - a potion of resistance
 p - a potion of brilliance
 s - 2 potions of flight
 w - a potion of magic


   Skills:
 - Level 11.4 Fighting
 * Level 3.8 Short Blades
 - Level 11.7 Axes
 - Level 10.2 Armour
 - Level 12.0 Dodging
 * Level 5.7 Shields
 + Level 12.3 Invocations


You had 12 spell levels left.
You didn't know any spells.
Your spell library contained the following spells:

 Spells                   Type           Power      Damage    Failure   Level
 Beastly Appendage        Tmut           0%         N/A       100%        1
 Magic Dart               Conj           0%         1d3       100%        1
 Call Imp                 Summ           0%         N/A       100%        2
 Static Discharge         Conj/Air       0%         2-2/arc   100%        2
 Wereblood                Tmut           0%         N/A       100%        2
 Mephitic Cloud           Conj/Pois/Air  0%         N/A       100%        3
 Spider Form              Tmut/Pois      0%         N/A       100%        3
 Airstrike                Air            0%         2d(0-16)  100%        4
 Summon Lightning Spire   Summ/Air       0%         N/A       100%        4
 Simulacrum               Ice/Necr       0%         N/A       100%        6
 Malign Gateway           Summ/Tloc      0%         N/A       100%        7
 Ozocubu's Refrigeration  Ice            0%         4d7       100%        7
 Summon Horrible Things   Summ           0%         N/A       100%        8
 Polar Vortex             Ice            0%         N/A       100%        9


Dungeon Overview and Level Annotations

Branches:
Dungeon (13/15)            Temple (1/1) D:7            Lair (0/5) D:8
    Orc (0/2) D:10          IceCv (visited)
 Vaults: D:13-14

Altars:
Cheibriados
Dithmenos
Elyvilon
Qazlal
Trog
Wu Jian
Yredelemnul
The Shining One

Shops:
D:5 =

Portals:
Trove: D:10 (give 7 potions of haste)

Annotations:
D:4 2 transporters
D:6 2 transporters, rundlesten's ghost, novice OpHW
D:7 1 runed translucent door
D:13 Sonja


Innate Abilities, Weirdness & Mutations

You have a pair of horns on your head.
You reflexively headbutt those who attack you in melee.


Message History

You start resting.
A large abomination comes into view.
A large abomination is nearby!
A large abomination is nearby!
A large abomination is nearby!
The large abomination hits you!!
* * * LOW HITPOINT WARNING * * *
You hit the large abomination but do no damage.
You headbutt the large abomination, but do no damage.
The large abomination hits you but does no damage.
You barely miss the large abomination. The large abomination hits you!
* * * LOW HITPOINT WARNING * * *
You puncture the large abomination!
The large abomination is moderately damaged.
You block the large abomination's attack.
You hit the large abomination but do no damage.
You headbutt the large abomination!
The large abomination is moderately damaged.
You block the large abomination's attack.
You hit the large abomination but do no damage.
The large abomination is moderately damaged.
The large abomination closely misses you.
You furiously retaliate!
You headbutt the large abomination! You hit the large abomination.
You headbutt the large abomination.
The large abomination is severely damaged.
The large abomination barely misses you.
You completely miss the large abomination.
The large abomination is severely damaged.
The large abomination hits you but does no damage.
You hit the large abomination. You headbutt the large abomination.
The large abomination is almost destroyed.
You block the large abomination's attack.
You hit the large abomination.
Your headbutt misses the large abomination.
The large abomination is almost destroyed.
You block the large abomination's attack.
You hit the large abomination but do no damage.
The large abomination is almost destroyed.
The large abomination hits you!!
You die...

#. ## .. #
# . # .
#..######
# #..X@..#
#..#.##°##
. .. ...#
. ###
####### #
. .# .


You could see a large abomination.

Vanquished Creatures
  Gastronok (D:11)
  Snorg (D:11)
  Fannar (D:10)
  Harold (D:9)
  2 centaur warriors
  3 two-headed ogres
  3 boulder beetles
  A thrashing horror (Abyss:1)
  A bog body (IceCv)
  A necromancer (IceCv)
  3 cyclopes
  2 manticores
  Joseph (D:7)
  2 ice statues (IceCv)
  A gargoyle (D:11)
  An orange demon (Abyss:1)
  A komodo dragon (D:11)
  8 ice devils (IceCv)
  4 trolls
  8 raiju (Abyss:1)
  2 shadows
  A vampire (D:12)
  A wraith (D:12)
  Sigmund (D:3)
  4 dire elephant simulacra (IceCv)
  9 yaks
  4 wyverns
  4 vampire mosquitoes (D:12)
  A steam dragon (D:10)
  3 harpy simulacra (IceCv)
  An acid dragon (D:13)
  Edmund (D:5)
  2 water moccasins (D:7)
  3 hydra simulacra (IceCv)
  3 small abominations (Abyss:1)
  2 ice beasts (D:7)
  3 sky beasts (D:7)
  3 orc warriors
  2 ogres
  7 centaurs
  2 phantoms
  A kobold brigand (D:9)
  2 scorpions (D:5)
  13 wights
  3 troll zombies (D:10)
  12 killer bees
  5 howler monkeys
  3 hounds
  A gnoll bouda (D:7)
  6 orc priests
  A sleepcap (D:6)
  Jessica (D:3)
  An iguana (D:7)
  7 orc wizards
  5 ogre zombies (D:10)
  Robin (D:4)
  5 gnolls (D:7)
  A naga simulacrum (IceCv)
  3 adders
  3 white imps
  2 worms
  2 dart slugs
  23 orcs
  6 ball pythons
  7 endoplasms
  A giant cockroach (D:4)
  14 goblins
  13 hobgoblins
  A jackal (D:2)
  12 kobolds
  4 quokkas
  10 bats
  2 frilled lizards (D:2)
  A goblin skeleton (D:10)
  3 goblin zombies (D:10)
  2 hobgoblin skeletons (D:10)
  4 hobgoblin zombies (D:10)
  An orc skeleton (D:10)
  11 orc zombies (D:10)
  5 rats
  A butterfly (D:11)
  A spectral weapon (D:11)
305 creatures vanquished.

Vanquished Creatures (others)
  A goblin skeleton (D:10)
  A hobgoblin skeleton (D:10)
  An orc zombie (D:10)
  A spectral weapon (D:11)
4 creatures vanquished.

Grand Total: 309 creatures vanquished

Notes
Turn   | Place    | Note
-------+----------+-------------------------------------------
     0 | D:1      | lonewolfV2 the Minotaur Fighter began the quest for the
                  | Orb.
     0 | D:1      | Reached XP level 1. HP: 19/19 MP: 0/0
   146 | D:1      | Reached skill level 1 in Dodging
   168 | D:1      | Reached XP level 2. HP: 27/27 MP: 1/1
   868 | D:1      | Reached XP level 3. HP: 32/33 MP: 2/2
  1162 | D:2      | HP: 2/49 [poisoned by a goblin]
  1860 | D:2      | Reached XP level 4. HP: 41/41 MP: 3/3
  2135 | D:3      | Noticed Jessica
  2143 | D:3      | Killed Jessica
  2336 | D:3      | Found a glowing golden altar of the Shining One.
  2718 | D:3      | Noticed Sigmund
  2748 | D:3      | Killed Sigmund
  2749 | D:3      | Reached skill level 5 in Fighting
  2749 | D:3      | Reached skill level 5 in Dodging
  2749 | D:3      | Reached XP level 5. HP: 40/48 MP: 4/4
  2749 | D:3      | Reached XP level 6. HP: 47/56 MP: 5/5
  3202 | D:4      | Found a transporter.
  3205 | D:4      | Noticed an ice beast
  3205 | D:4      | Noticed an ice beast
  3371 | D:4      | Found Juurgh's Book Emporium.
  3380 | D:4      | Found a transporter.
  3417 | D:4      | Noticed Robin
  3429 | D:4      | Killed Robin
  3788 | D:5      | Entered Level 5 of the Dungeon
  3986 | D:5      | Reached XP level 7. HP: 41/64 MP: 6/6
  4110 | D:5      | Found Rodiraem's Jewellery Emporium.
  4110 | D:5      | Found an ornate altar of the Wu Jian Council.
  4373 | D:5      | Noticed Edmund
  4394 | D:5      | Killed Edmund
  4896 | D:6      | Found a transporter.
  4936 | D:6      | Noticed rundlesten's ghost (novice OpHW)
  4975 | D:6      | Found a transporter.
  5226 | D:7      | Reached XP level 8. HP: 69/73 MP: 7/7
  5267 | D:7      | Found a runed translucent door.
  5267 | D:7      | Noticed a sixfirhy
  5301 | D:7      | Noticed a troll
  5303 | D:7      | Noticed Joseph
  5311 | D:7      | Killed a troll
  5332 | D:7      | Killed Joseph
  5422 | D:7      | Reached skill level 10 in Dodging
  5680 | D:7      | Reached XP level 9. HP: 78/82 MP: 8/8
  5697 | D:7      | Found a staircase to the Ecumenical Temple.
  5718 | D:7      | Reached skill level 5 in Armour
  5741 | Temple   | Entered the Ecumenical Temple
  5898 | Temple   | Became a worshipper of Qazlal Stormbringer
  5944 | D:7      | Reached skill level 1 in Invocations
  6664 | D:8      | Reached * piety under Qazlal
  7082 | D:8      | Found a staircase to the Lair.
  7103 | D:8      | You fall into a shaft and drop 1 floor!
  7120 | D:9      | Reached skill level 5 in Invocations
  7212 | D:9      | Noticed Harold
  7227 | D:9      | Killed Harold
  7228 | D:9      | Reached XP level 10. HP: 16/91 MP: 11/13
  8298 | D:10     | Entered Level 10 of the Dungeon
  8353 | D:10     | Found a staircase to the Orcish Mines.
  8375 | D:10     | Reached skill level 10 in Armour
  8395 | D:10     | Reached ** piety under Qazlal
  8571 | D:10     | Found a portal to a secret trove of treasure.
  8848 | D:10     | Noticed a manticore
  8858 | D:10     | Reached *** piety under Qazlal
  8858 | D:10     | Killed a manticore
  8859 | D:10     | Reached skill level 5 in Axes
  8859 | D:10     | Reached XP level 11. HP: 39/97 MP: 14/16
  8984 | D:10     | Noticed a boulder beetle
  9003 | D:10     | Killed a boulder beetle
  9476 | D:10     | Noticed a centaur warrior
  9491 | D:10     | Killed a centaur warrior
  9919 | D:10     | Noticed Fannar
  9936 | D:10     | Killed Fannar
 10266 | D:11     | Noticed Snorg
 10272 | D:11     | Killed Snorg
 10656 | D:11     | Noticed a two-headed ogre
 10661 | D:11     | Killed a two-headed ogre
 10842 | D:11     | Reached skill level 10 in Invocations
 10931 | D:11     | Noticed Gastronok
 10942 | D:11     | Killed Gastronok
 11018 | D:11     | Noticed a boulder beetle
 11029 | D:11     | Killed a boulder beetle
 11503 | D:11     | Found a white marble altar of Elyvilon.
 11775 | D:12     | Found a shadowy altar of Dithmenos.
 11809 | D:12     | Noticed a two-headed ogre
 11819 | D:12     | Killed a two-headed ogre
 11820 | D:12     | Reached skill level 10 in Axes
 11901 | D:12     | Reached XP level 12. HP: 39/104 MP: 19/19
 12181 | D:12     | Found a frozen archway.
 12372 | D:12     | Noticed a boulder beetle
 12383 | D:12     | Killed a boulder beetle
 12422 | IceCv    | Entered an ice cave
 12441 | IceCv    | HP: 1/104 [ice devil (8)]
 12442 | IceCv    | Reached XP level 13. HP: 1/116 MP: 20/20
 13641 | IceCv    | Reached **** piety under Qazlal
 13972 | IceCv    | Identified the +7 rapier of the Sea {vamp, rElec rF+ Int+3}
 14542 | D:12     | Reached skill level 1 in Short Blades
 15440 | D:13     | Noticed Sonja
 15512 | Abyss:1  | Cast into level 1 of the Abyss (Sonja)
 15569 | Abyss:1  | Reached skill level 5 in Shields
 15815 | Abyss:1  | Slain by a large abomination

Illustrated notes

Levels and vault maps discovered:
D:1:      minmay_arrival_semitransparent, layout_basic
D:2:      layout_loops_cross, minmay_tetromino_i4
D:3:      layout_basic, amcnicky_altar_gilded, uniq_jessica, uniq_sigmund
D:4:      gammafunk_cloud_chamber, layout_basic, serial_shops, shop, uniq_robin
D:5:      layout_rooms, kennysheep_little_box, serial_shops, shop,
          kennysheep_cross_bottleneck, uniq_edmund
D:6:      layout_rooms, gammafunk_ghost_smash
D:7:      cheibrodos_shockbox, layout_loops_cross, minmay_temple_entry_waves,
          grunt_decor_cap, uniq_joseph
D:8:      layout_loops_ring, dpeg_oklobed_lair, david_defended_altar_orc
D:9:      layout_basic, chequers_serial_rivers_room_a, uniq_harold
D:10:     layout_long_grid, zombieorc2_lemuel, nicolae_trove_entry_free_sample,
          kennysheep_generic_room_3, uniq_fannar
D:11:     layout_loops_corners, nicolae_elyvilon_peaceful_grove, uniq_snorg,
          uniq_gastronok
D:12:     layout_loops_cross, portal_ice_cave_entry_pillars_1,
          grunt_dithmenos_smoke
D:13:     layout_grid_maze, uniq_sonja, uniq_kirke
Temple:   mainiacjoe_temple_big_plus
Abyss:1:  base:
D:10

Skill      XL: |  1  2  3  4  5  6  7  8  9 10 11 12 13 |
---------------+----------------------------------------+-----
Dodging        | 1 2 3 5 6 8 10 12 | 12.0
Fighting       | 4 5 6 7 8 9 11 | 11.4
Armour         | 4 8 10 | 10.2
Invocations    | 5 8 11 12 | 12.3
Axes           | 5 10 11 | 11.7
Short Blades   | 3 |  3.8
Shields        | 5 |  5.7

Action                     |  1- 3 |  4- 6 |  7- 9 | 10-12 | 13-15 || total
---------------------------+-------+-------+-------+-------+-------++-------
  Melee: War axe           |    78 |    79 |    20 |       |       ||   177
         Headbutt          |     3 |    14 |    49 |    60 |    52 ||   178
         Flail             |       |       |   209 |       |       ||   209
         Battleaxe         |       |       |     9 |   275 |    58 ||   342
         Rapier            |       |       |       |       |   153 ||   153
  Evoke: Wand              |       |       |       |     4 |    14 ||    18
    Use: Scroll            |     3 |     7 |     3 |     6 |     1 ||    20
         Potion            |     2 |       |     2 |     5 |     2 ||    11
   Stab: Distracted        |       |       |       |       |     2 ||     2
 Armour: Scale mail        |    38 |    12 |       |       |       ||    50
         Chain mail        |       |    17 |   120 |   108 |    80 ||   325
  Dodge: Dodged            |    46 |    80 |   200 |   330 |   198 ||   854
         Repelled          |       |       |       |       |     2 ||     2
  Block: Buckler           |    20 |    34 |    77 |       |       ||   131
         Other             |       |       |       |    48 |     9 ||    57
         Tower shield      |       |       |       |       |   281 ||   281
